 Dungeon Crawl Stone Soup version 0.29.1-1-gd02db6906a (webtiles) character file.

Game seed: 13679885393961651407

53 LabCoat the Trooper (level 3, -1/33 (34) HPs)
             Began as a Hill Orc Fighter on Oct 11, 2022.
             Slain by Crazy Yiuf
             ... wielding a +3 quarterstaff of chaos
              (8 damage)
             ... on level 2 of the Dungeon.
             The game lasted 00:03:49 (1392 turns).

LabCoat the Trooper (Hill Orc Fighter)              Turns: 1392, Time: 00:03:50

HP:   -1/33 (34)    AC:  7    Str: 20    XL:     3   Next: 89%
MP:   3/3           EV:  9    Int:  8    God:
Gold: 72            SH:  4    Dex: 10    Spells: 2/2 levels left

rFire   . . .      SeeInvis .   a - +0 war axe
rCold   . . .      Faith    .   c - +0 buckler
rNeg    . . .      Spirit   .   e - +0 scale mail
rPois   .          Reflect  .   (no helmet)
rElec   .          Harm     .   (no cloak)
rCorr   .          Rampage  .   (no gloves)
Will    .....                   (no boots)
Stlth   ..........              (no amulet)
HPRegen 0.11/turn               (no ring)
MPRegen 0.08/turn               (no ring)

@: mighty, lethally poisoned (-1 -> -11), lightly drained
A: no striking features
a: no special abilities


You were on level 2 of the Dungeon.
You visited 1 branch of the dungeon, and saw 2 of its levels.

You collected 72 gold pieces.

Inventory:

Hand Weapons
 a - a +0 war axe (weapon)
 b - a +0 sling
Missiles
 f - 4 poisoned darts (quivered)
Armour
 c - a +0 buckler (worn)
 e - a +0 scale mail (worn)
Scrolls
 h - a scroll of identify
Potions
 g - a potion of curing


   Skills:
 * Level 4.4 Fighting
 * Level 3.6 Axes
 + Level 0.2 Throwing
 + Level 3.7 Armour
 + Level 0.7 Dodging
 - Level 3.2 Shields


You had 2 spell levels left.
You didn't know any spells.
Your spell library contained the following spells:

 Spells                   Type           Power      Damage    Failure   Level
 Poisonous Vapours        Pois/Air       0%         N/A       94%         2
 Corpse Rot               Necr/Pois/Air  0%         N/A       100%        4


Dungeon Overview and Level Annotations

Branches:
Dungeon (2/15)

Altars:

Annotations:
D:2 Crazy Yiuf


Message History

You hit the giant cockroach.
You kill the giant cockroach!
A rat comes into view.
You closely miss the rat. The rat bites you but does no damage.
You block the rat's attack.
You hit the rat.
The rat is severely wounded.
The rat bites you.
You hit the rat.
You kill the rat!
Found a club.
A worm comes into view.
You slash the worm!
The worm is almost dead.
You block the worm's attack.
You barely miss the worm.
The worm is severely wounded.
You hit the worm.
You kill the worm!
You open the door.
There is an open door here.
Found a leather armour.
Found a stone staircase leading down.
Found a hammer.
Found a runed translucent door.
Okay, then.
You open the door. You closely miss Crazy Yiuf.
Crazy Yiuf hits you with a +3 quarterstaff of chaos.
You feel drained.
Crazy Yiuf hits you with a +3 quarterstaff of chaos!
You are poisoned.
You feel very mighty all of a sudden.
You feel very sick.
Crazy Yiuf hits you with a +3 quarterstaff of chaos!
Crazy Yiuf burns you.
You barely miss Crazy Yiuf.
* * * LOW HITPOINT WARNING * * *
You feel very sick.
Crazy Yiuf hits you with a +3 quarterstaff of chaos!
You die...

........'..#
##..####>#
........##.#
#....# *,*
........##.#
♣....♣ *,*
........##.#
♣♣...♣ *,*
........##.#
♣♣.♣♣ *,*
........##.#
♣♣.♣ *,*
)......)...#
♣.♣♣ *,*
###+#.######
♣♣.♣ *,*
#...# #..#
♣@♣♣ *,*
#.#####.##
*#g#* *,*
###.......#
*...* *,*
........###
#...# *,****
........#
#)..# *,,,,*
........#
##### *,,,,*
###.#####
*,,,,* # #.#
******,,,,*
# #.#
*,,,,,,,,,*


You could see Crazy Yiuf.

Vanquished Creatures
  An adder (D:2)
  2 worms (D:2)
  2 dart slugs (D:2)
  4 ball pythons
  2 endoplasms
  4 giant cockroaches
  2 goblins (D:1)
  A hobgoblin (D:1)
  3 kobolds
  2 quokkas
  3 bats
  4 frilled lizards
  5 rats
35 creatures vanquished.

Notes
Turn   | Place    | Note
-------+----------+-------------------------------------------
     0 | D:1      | LabCoat the Hill Orc Fighter began the quest for the Orb.
     0 | D:1      | Reached XP level 1. HP: 19/19 MP: 1/1
    99 | D:1      | Reached XP level 2. HP: 24/27 MP: 2/2
   261 | D:1      | Reached skill level 4 in Fighting
   951 | D:2      | Reached XP level 3. HP: 29/33 MP: 3/3
  1385 | D:2      | Found a runed translucent door.
  1386 | D:2      | Noticed Crazy Yiuf
  1392 | D:2      | Slain by Crazy Yiuf

Illustrated notes

Levels and vault maps discovered:
D:1:      dpeg_arrival_boxes_within_box, layout_rooms, minmay_unequal
D:2:      layout_basic, uniq_crazy_yiuf_cottage

Skill      XL: |  1  2 |
---------------+-------+-----
Axes           | 3 |  3.6
Fighting       | 4 |  4.4
Throwing       | |  0.2
Armour         | |  3.7
Dodging        | |  0.7
Shields        | |  3.2

Action                   || total
-------------------------++-------
Melee: War axe           ||    89
 Fire: Sling             ||    13
Throw: Dart              ||     8
  Use: Scroll            ||     3
       Potion            ||     2
Armor: Scale mail        ||    42
Dodge: Dodged            ||    29
Block: Buckler           ||    17
